AoeStats
← SUGNUHC

Golden Pit

508624070Analyzed
1v1 RM · 8d ago on Sep 23, 2026· 43m 20s· 2 players
Game mode
Random Map
Map size
Tiny (2 player)
Population
200
Speed
Normal
Resources
Standard
Victory
Conquest
Starting age
Dark Age
Ending age
Imperial Age
RankedLock teamsTeams togetherTeam positionsShared explorationLock speedFull tech treeHidden civsTurbo modeCheats
Victory
Defeat
🇰🇪 Lithuanians · Kenya
588
+17
🇹🇷 Saracens · Türkiye
606
-31
klaudeon
10:38 Feudal Age
16:41 Castle Age
16:26 Loom
18:06 Double-Bit Axe
20:56 Horse Collar
25:38 Thumb Ring
25:53 Bloodlines
26:18 Gold Mining
28:35 Heavy Plow
30:05 Town Watch
30:56 Wheelbarrow
34:21 Imperial Age
31:54 Elite Skirmisher
35:34 Sanctity
35:39 Block Printing
35:40 Stone Mining
37:38 Forging
37:34 Scale Barding Armor
37:20 Fletching
37:30 Padded Archer Armor
39:50 Cavalier
SUGNUHC
11:01 Feudal Age
9:18 Loom
11:27 Double-Bit Axe
11:25 Horse Collar
12:10 Town Watch
16:16 Wheelbarrow
16:59 Fletching
17:13 Padded Archer Armor
22:53 Castle Age
24:03 Bow Saw
23:56 Heavy Plow
26:04 Town Patrol
26:19 Husbandry
28:02 Bloodlines
28:28 Hand Cart
28:26 Pikeman
33:22 Scale Barding Armor
33:30 Forging
34:42 Squires
39:52 Imperial Age
38:45 Gold Mining
39:07 Stone Mining
41:44 Two-Man Saw
40:15 Heavy Camel Rider
40:46 Elite Mameluke
43:12 Iron Casting
42:58 Chain Barding Armor
Connection lost

Rejoining the realm…

Still unreachable

The connection could not be restored.

Session expired

The server has moved on; the page needs a fresh start.